 Dungeon Crawl Stone Soup version 0.24-a0-581-gc0fa6600bf (webtiles) character file.

Game seed: 2707545849614877528

30 Eightlegvermin the Vexing (level 3, -3/20 HPs)
             Began as a Kobold Arcane Marksman on Aug 23, 2019.
             Slain by a quokka (4 damage)
             ... on level 2 of the Dungeon.
             The game lasted 00:07:02 (1136 turns).

Eightlegvermin the Vexing (Kobold Arcane Marksman)  Turns: 1136, Time: 00:07:03

Health: -3/20      AC:  2    Str:  7    XL:     3   Next: 35%
Magic:  4/4        EV: 15    Int: 14    God:
Gold:   45         SH:  0    Dex: 16    Spells: 3/4 levels left

rFire    . . .     SeeInvis .   c - +0 dagger
rCold    . . .     Gourm    .   (shield restricted)
rNeg     . . .     Faith    .   e - +0 robe
rPois    .         Spirit   .   (no helmet)
rElec    .         Reflect  .   (no cloak)
rCorr    .         Harm     .   (no gloves)
MR       .....                  (no boots)
Stlth    ++........             (no amulet)
HPRegen  0.06/turn              (no ring)
MPRegen  0.09/turn              (no ring)

@: lethally poisoned (-3 -> -7)
A: small, carnivore
a: no special abilities


You were on level 2 of the Dungeon.
You were completely stuffed.

You visited 1 branch of the dungeon, and saw 2 of its levels.

You collected 45 gold pieces.

Inventory:

Hand Weapons
 a - a +0 shortbow
 c - a +0 dagger (weapon)
Missiles
 d - 13 arrows
Armour
 e - a +0 robe (worn)
Scrolls
 b - a scroll of remove curse {unknown}
 g - a scroll of fear {unknown}
 j - 2 scrolls of amnesia {unknown}
 k - a scroll of blinking {unknown}
 m - a scroll of teleportation {unknown}
Potions
 h - a potion of haste {unknown}
 i - a potion of ambrosia {unknown}
Comestibles
 f - 2 rations
 l - a chunk of flesh


   Skills:
 - Level 1.1 Fighting
 + Level 1.9 Short Blades
 + Level 2.6 Bows
 - Level 2.4 Dodging
 + Level 2.0 Stealth
 - Level 1.1 Spellcasting
 - Level 3.0 Hexes


You had 3 spell levels left.
You knew the following spells:

 Your Spells              Type           Power        Failure   Level  Hunger
a - Corona                Hex            #......      8%          1    ##.....

Your spell library contained the following spells:

 Spells                   Type           Power        Failure   Level  Hunger
 Slow                     Hex            #.......     12%         2    ###....
 Inner Flame              Hex/Fire       #.......     38%         3    ####...
 Portal Projectile        Hex/Tloc       #.....       38%         3    ####...
 Cause Fear               Hex            #.........   58%         4    #####..
 Leda's Liquefaction      Hex/Erth       #.........   80%         4    #####..


Dungeon Overview and Level Annotations

Branches:
Dungeon (2/15)

Altars:


Innate Abilities, Weirdness & Mutations

You are small and have problems with some larger weapons.
You are carnivorous and can eat meat at any time.


Message History

Your Stealth skill increases to level 2!
You feel sick.
You hit the quokka.
The quokka is heavily wounded.
The quokka misses you.
You hit the quokka but do no damage.
The quokka is heavily wounded.
The quokka misses you.
You completely miss the quokka.
The quokka is heavily wounded.
The quokka bites you.
* * * LOW HITPOINT WARNING * * *
You closely miss the quokka.
The quokka is heavily wounded.
* * * LOW HITPOINT WARNING * * *
You feel sick. The quokka barely misses you.
You barely miss the quokka.
The quokka is heavily wounded.
The quokka bites you.
You die...

.###
##.#.#...>#
..#.#....#
...#......#
..#.####...#
#...# #.(.#
#...##
#....#
#@#### #r#
........#
####.(...
(..####.
#.#. .# #( #
# .


You could see a quokka.

Vanquished Creatures
  An adder (D:2)
  A giant cockroach (D:1)
  2 hobgoblins (D:2)
  3 kobolds (D:1)
  A ball python (D:1)
  5 bats
  9 rats
22 creatures vanquished.

Notes
Turn   | Place    | Note
-------+----------+-------------------------------------------
     0 | D:1      | Eightlegvermin the Kobold Arcane Marksman began the quest
                  | for the Orb.
     0 | D:1      | Reached XP level 1. HP: 12/12 MP: 2/2
   187 | D:1      | Reached skill level 1 in Stealth
   187 | D:1      | Reached XP level 2. HP: 10/16 MP: 1/3
   328 | D:1      | Reached skill level 1 in Short Blades
  1119 | D:2      | Reached XP level 3. HP: 20/20 MP: 4/4
  1135 | D:2      | HP: 1/20 [poisoned by an adder]
  1136 | D:2      | Slain by a quokka

Levels and vault maps discovered:
D:1:      dpeg_arrival_long_road, layout_basic
D:2:      minmay_thinvault, layout_basic, first_ration

Skill      XL: |  1  2  3 |
---------------+----------+-----
Stealth        | 1 2 |  2.0
Short Blades   | 1 |  1.9
Fighting       | |  1.1
Bows           | |  2.6
Dodging        | |  2.4
Spellcasting   | |  1.1
Hexes          | |  3.0

Action                   || total
-------------------------++-------
Melee: Dagger            ||    92
 Fire: Shortbow          ||    28
 Cast: Corona            ||    15
  Eat: Chunk             ||    10
Armor: Robe              ||    20
Dodge: Dodged            ||   134

Table legend:
 A = Non-vault XP
 B = Vault XP
 C = Vault XP percentage of total XP
 D = Non-vault monster count
 E = Vault monster count
 F = Vault count percentage of total count
                 A         B        C        D         E       F
            +---------+---------+-------+---------+---------+-------
      Total |      29 |      14 |  32.6 |      21 |       1 |   4.5
            +---------+---------+-------+---------+---------+-------
        D:1 |      15 |       0 |   0.0 |      12 |       0 |   0.0
        D:2 |      14 |      14 |  50.0 |       9 |       1 |  10.0
            +---------+---------+-------+---------+---------+-------
